 Dungeon Crawl Stone Soup version 0.25.0-9-g26727b657a (console) character file.

Game seed: 17127263745419360912

1188 Garrluk the Carver (level 8, -2/58 HPs)
             Began as a Formicid Fighter on June 17, 2020.
             Was an Initiate of Okawaru.
             Slain by a centaur zombie (6 damage)
             ... on level 5 of the Dungeon.
             The game lasted 00:19:42 (3331 turns).

Garrluk the Carver (Formicid Fighter)               Turns: 3331, Time: 00:19:43

Health: -2/58      AC:  6    Str: 22    XL:     8   Next: 71%
Magic:  8/8        EV:  8    Int:  9    God:    Okawaru [......]
Gold:   222        SH:  9    Dex: 10    Spells: 7/7 levels left

rFire    + . .     SeeInvis +   a - +0 long sword
rCold    . . .     Gourm    .   c - +0 kite shield
rNeg     . . .     Faith    .   b - +0 scale mail
rPois    .         Spirit   .   (helmet unavailable)
rElec    .         Reflect  .   (no cloak)
rCorr    .         Harm     .   (no gloves)
MR       .....                  (no boots)
Stlth    ..........             (no amulet)
HPRegen  0.19/turn              q - ring of protection from fire
MPRegen  0.11/turn              z - ring of wizardry

@: no status effects
A: permanent stasis, dig shafts and tunnels, four strong arms, antennae 3
a: Dig, Shaft Self, Renounce Religion


You were on level 5 of the Dungeon.
You worshipped Okawaru.
Okawaru was noncommittal.
You were not hungry.

You visited 1 branch of the dungeon, and saw 5 of its levels.
You also visited: Sewer.

You collected 222 gold pieces.

Inventory:

Hand Weapons
 a - a +0 long sword (weapon)
 d - a +2 dagger of venom
Missiles
 u - 7 poisoned darts (quivered)
Armour
 b - a +0 scale mail (worn)
 c - a +0 kite shield (worn)
 w - a +0 pair of gloves
Jewellery
 o - an uncursed amulet of faith
 q - a ring of protection from fire (left hand)
 z - a ring of wizardry (right hand)
Wands
 v - a wand of acid (13)
Scrolls
 i - 2 scrolls of enchant weapon {unknown}
 k - a scroll of immolation {unknown}
 l - 5 scrolls of identify {unknown}
 p - 3 scrolls of teleportation {unknown}
 t - 2 scrolls of remove curse {unknown}
 y - a scroll of fog {unknown}
Potions
 e - 2 potions of lignification {unknown}
 g - 2 potions of invisibility {unknown}
 h - 2 potions of heal wounds {unknown}
 j - 2 potions of brilliance {unknown}
 m - 2 potions of degeneration {unknown}
 n - a potion of curing
 r - 2 potions of mutation {unknown}
 s - a potion of cancellation {unknown}
 x - 3 potions of flight {unknown}
 A - a potion of berserk rage {unknown}
 B - a potion of ambrosia {unknown}
Comestibles
 f - 6 rations


   Skills:
 - Level 3.2 Fighting
 * Level 9.8 Long Blades
 + Level 1.8 Throwing
 - Level 3.2 Armour
 - Level 3.6 Shields


You had 7 spell levels left.
You didn't know any spells.
Your spell library was empty.

Dungeon Overview and Level Annotations

Branches:
Dungeon (5/15)              Sewer (visited)
 Temple: D:4-7

Altars:
Nemelex Xobeh
Okawaru
Trog
Wu Jian

Shops:
D:4 :


Innate Abilities, Weirdness & Mutations

You cannot be hasted, slowed, berserked, paralysed or teleported.
You can dig through walls and to a lower floor.
Your four strong arms can wield two-handed weapons with a shield.
You have a pair of large antennae on your head. (SInv)


Message History

Okawaru accepts your kill.
You feel a bit more experienced. The centaur zombie barely misses you.
Your +2 dagger of venom stops dripping with poison.
a - a +0 long sword (weapon)
The centaur zombie hits you.
* * * LOW HITPOINT WARNING * * *
You retract your mandibles.
You barely miss the centaur zombie. You block the centaur zombie's attack.
You slash the centaur zombie!
The centaur zombie is heavily damaged.
The centaur zombie hits you.
* * * LOW HITPOINT WARNING * * *
You hit the centaur zombie but do no damage.
The centaur zombie is heavily damaged.
The centaur zombie hits you but does no damage.
You hit the centaur zombie.
The centaur zombie is heavily damaged.
The centaur zombie hits you.
* * * LOW HITPOINT WARNING * * *
The centaur zombie hits you.
You die...

....##
#..########.####.....
#...##.............#..#...
#...###..#####.#.#..#...
...##..# #........#.#..##..
...##.###...######.#..####
.Z.#..##...#......#......
.5##.##................. .
..#.#).#.#.######......
#..###.#..#...# #.###..
#.....#..#Z###.#######.##.#
#..(..#@# .......<#....
#####.### ...####.#.#.# #.#
..#.#.# #.. .#.....# ####
..#.#$... .. #.##### ###
#.. . ### ##


You could see a centaur zombie.

Vanquished Creatures
  Duvessa (D:4)
  A sky beast (D:5)
  An ogre (D:5)
  A centaur (D:5)
  A big kobold (Sewer)
  Dowan (D:4)
  A scorpion (D:4)
  A crimson imp (D:5)
  A jelly (D:5)
  2 orc wizards (D:4)
  A bullfrog skeleton (D:5)
  A centaur skeleton (D:4)
  Natasha (thrice) (D:2)
  Ijyb (D:3)
  6 worker ants
  10 adders
  4 gnolls (D:3)
  A river rat (Sewer)
  An ooze (D:5)
  2 worms (D:2)
  2 dart slugs
  3 leopard geckos
  3 orcs
  5 giant cockroaches
  3 goblins (D:2)
  8 hobgoblins
  11 jackals
  15 kobolds
  2 quokkas (D:3)
  7 bats
  5 frilled lizards
  A quokka zombie (D:5)
  5 rats
111 creatures vanquished.

Notes
Turn   | Place    | Note
-------+----------+-------------------------------------------
     0 | D:1      | Garrluk the Formicid Fighter began the quest for the Orb.
     0 | D:1      | Reached XP level 1. HP: 18/18 MP: 1/1
   260 | D:1      | Reached XP level 2. HP: 21/24 MP: 2/2
   380 | D:1      | Reached skill level 3 in Long Blades
   690 | D:2      | Reached XP level 3. HP: 29/29 MP: 3/3
   775 | D:2      | Noticed Natasha
   783 | D:2      | Killed Natasha
   783 | D:2      | Reached skill level 4 in Long Blades
   783 | D:2      | Reached XP level 4. HP: 26/35 MP: 4/4
   873 | D:2      | Noticed Natasha
   878 | D:2      | Killed Natasha
   894 | D:2      | Reached XP level 5. HP: 30/41 MP: 5/5
   961 | D:2      | Noticed Natasha
   982 | D:2      | Reached skill level 5 in Long Blades
   996 | D:2      | Killed Natasha
  1497 | D:3      | Found a bloodstained altar of Trog.
  1622 | D:3      | Noticed Ijyb
  1662 | D:3      | Killed Ijyb
  1662 | D:3      | Reached XP level 6. HP: 29/47 MP: 6/6
  1783 | D:3      | Reached skill level 6 in Long Blades
  1981 | D:3      | You fall into a shaft and drop 1 floor!
  1981 | D:4      | Noticed Duvessa
  1981 | D:4      | Noticed Dowan
  1994 | D:4      | Killed Duvessa
  1998 | D:4      | Killed Dowan
  1998 | D:4      | Reached skill level 7 in Long Blades
  1998 | D:4      | Reached XP level 7. HP: 20/52 MP: 7/7
  2009 | D:4      | Found a glowing drain.
  2027 | Sewer    | Entered a sewer
  2135 | Sewer    | Found a white marble altar of Elyvilon.
  2346 | D:3      | Found an ornate altar of the Wu Jian Council.
  2386 | D:4      | Found Ontuostu's Book Shop.
  2454 | D:4      | Reached skill level 8 in Long Blades
  2598 | D:4      | Reached XP level 8. HP: 36/58 MP: 8/8
  2711 | D:4      | Found a sparkling altar of Nemelex Xobeh.
  2771 | D:5      | Entered Level 5 of the Dungeon
  2838 | D:5      | Found an iron altar of Okawaru.
  2858 | D:5      | Became a worshipper of Warmaster Okawaru
  2933 | D:5      | Reached skill level 9 in Long Blades
  3239 | D:5      | Reached skill level 1 in Throwing
  3331 | D:5      | Slain by a centaur zombie

Illustrated notes

Levels and vault maps discovered:
D:1:      scummos_arrival_forest, layout_basic
D:2:      layout_rooms, uniq_natasha
D:3:      layout_basic, nicolae_overflow_hidden_temple, trog_book, uniq_ijyb
D:4:      layout_gridville, nemelex_xobeh_ov_fountains_minmay,
          gup_sewer_entry_glass, first_ration, serial_shops, shop, uniq_duvessa
D:5:      minmay_evil_eye, layout_basic, kennysheep_mini, old_standard_altar,
          lemuel_crystal_altar, st_stairs_10, uniq_menkaure, uniq_eustachio

Skill      XL: |  1  2  3  4  5  6  7  8 |
---------------+-------------------------+-----
Long Blades    | 3 4 5 7 8 9 |  9.8
Throwing       | 1 |  1.8
Fighting       | |  3.2
Armour         | |  3.2
Shields        | |  3.6

Action                   |  1- 3 |  4- 6 |  7- 9 || total
-------------------------+-------+-------+-------++-------
Melee: Long sword        |    95 |   199 |    13 ||   307
       Dagger            |       |       |   185 ||   185
Throw: Dart              |       |       |     6 ||     6
 Abil: Dig               |    37 |    34 |    26 ||    97
  Use: Potion            |       |     1 |     3 ||     4
  Eat: Chunk             |     2 |     8 |     6 ||    16
Armor: Scale mail        |    41 |    68 |    44 ||   153
Dodge: Dodged            |    31 |    45 |    34 ||   110
Block: Kite shield       |    45 |    84 |    73 ||   202
       Rpst.: Long sword |    10 |    15 |     1 ||    26
